 Dungeon Crawl Stone Soup version 0.28-a0-768-g8c92f1e708 (webtiles) character file.

Game seed: 14874129167914398378

37 Conn the Firebug (level 3, -1/21 HPs)
             Began as an Octopode Fire Elementalist on Oct 31, 2021.
             Slain by Terence (2 damage)
             ... on level 2 of the Dungeon.
             The game lasted 00:02:28 (1485 turns).

Conn the Firebug (Octopode Fire Elementalist)       Turns: 1485, Time: 00:02:28

Health: -1/21      AC:  1    Str:  7    XL:     3   Next: 39%
Magic:  1/6        EV: 13    Int: 18    God:
Gold:   83         SH:  0    Dex: 12    Spells: 5/6 levels left

rFire   . . .      SeeInvis .   (no weapon)
rCold   . . .      Faith    .   (no shield)
rNeg    . . .      Spirit   .   (helmet restricted)
rPois   .          Reflect  .   (no amulet)
rElec   .          Harm     .   (no ring)
rCorr   .          Rampage  .   (no ring)
Will    .....                   (no ring)
Stlth   +++.......              (no ring)
HPRegen 0.07/turn               (no ring)
MPRegen 0.10/turn               (no ring)
                                (no ring)
                                (no ring)

@: no status effects
A: almost no armour, amphibious, 8 rings, camouflage 1, gelatinous body 1,
(nimble swimmer 1), tentacles
a: no special abilities


You were on level 2 of the Dungeon.
You visited 1 branch of the dungeon, and saw 2 of its levels.

You collected 83 gold pieces.

You aren't carrying anything.


   Skills:
 + Level 2.2 Dodging
 + Level 2.8 Stealth
 + Level 0.1 Unarmed Combat
 + Level 2.2 Spellcasting
 + Level 1.3 Conjurations
 + Level 3.8 Fire Magic


You had 5 spell levels left.
You knew the following spells:

 Your Spells              Type           Power      Damage    Failure   Level
a - Foxfire               Conj/Fire      44%        2x1d6     6%          1

Your spell library contained the following spells:

 Spells                   Type           Power      Damage    Failure   Level
 Scorch                   Fire           30%        2d7       5%          2
 Conjure Flame            Conj/Fire      11%        6-21      19%         3
 Inner Flame              Hex/Fire       8%         N/A       24%         3
 Flame Wave               Conj/Fire      11%        3d4       52%         4


Dungeon Overview and Level Annotations

Branches:
Dungeon (2/15)

Altars:

Annotations:
D:2 Terence


Innate Abilities, Weirdness & Mutations

You cannot wear most types of armour.
You are amphibious.
You can wear up to eight rings at the same time.
Your skin changes colour to match your surroundings (Stealth+).
Your rubbery body absorbs attacks. (AC +1, EV +1)
((You are camouflaged near water. (Stealth+)))
You have tentacles for arms and can constrict up to eight enemies at once.


Message History

Unknown command.
You miss the quokka. You grab the quokka. You constrict the quokka.
The foxfire hits the quokka.
The quokka is severely wounded.
The foxfire hits the quokka but does no damage.
The quokka is severely wounded.
The quokka barely misses you. The quokka misses you.
Unknown command.
You barely miss the quokka. You squeeze the quokka.
You kill the quokka!
Unknown command.
Terence shouts!
Terence says, "Rest in peace."
Terence drinks a potion.
Terence seems to speed up.
Things that are here:
a +0 whip; a book of Flames; a giant cockroach corpse You see here a giant cockroach corpse.
Terence hits you with a +0 hand axe!
* * * LOW HITPOINT WARNING * * *
You aren't carrying any scrolls.
Okay, then.
Unknown command.
Unknown command.
You aren't carrying any scrolls.
Unknown command.
Unknown command.
Unknown command.
It was a potion of curing.
You feel better. Terence hits you with a +0 hand axe.
* * * LOW HITPOINT WARNING * * *
Terence hits you with a +0 hand axe.
* * * LOW HITPOINT WARNING * * *
It was a potion of cancellation.
You feel magically purged. Terence hits you with a +0 hand axe.
* * * LOW HITPOINT WARNING * * *
Unknown command.
Terence hits you with a +0 hand axe.
* * * LOW HITPOINT WARNING * * *
Found 10 gold pieces.
Terence hits you with a +0 hand axe.
You die...

.. #......... #..
#......... .##..##
#......... ......####
#.........
#.......###.........
.....$.##.........
########.#.#.##........$
.............)..@##.####
...#......##.#†.@......#
##.#......##.#...=.....#
##........#..#.........#
###.##......##.........#
# #.#..#....###........#
# #...#..##...##...#####
. ###. .#####.##...# .>
#...# ...?...


You could see Terence (fast).

Vanquished Creatures
  2 dart slugs
  2 ball pythons (D:1)
  An endoplasm (D:1)
  3 giant cockroaches
  2 goblins
  A hobgoblin (D:1)
  6 jackals (D:1)
  4 quokkas
  2 bats
  A kobold (D:2)
  3 rats (D:1)
27 creatures vanquished.

Vanquished Creatures (others)
  74 foxfires
  4 plants (D:1)
  2 withered plants (D:1)
80 creatures vanquished.

Grand Total: 107 creatures vanquished

Notes
Turn   | Place    | Note
-------+----------+-------------------------------------------
     0 | D:1      | Conn the Octopode Fire Elementalist began the quest for the
                  | Orb.
     0 | D:1      | Reached XP level 1. HP: 11/11 MP: 3/3
   194 | D:1      | Reached XP level 2. HP: 17/17 MP: 1/5
   581 | D:1      | Found a faded altar of an unknown god.
   631 | D:1      | Reached XP level 3. HP: 11/21 MP: 0/6
  1459 | D:2      | Noticed Terence
  1480 | D:2      | HP: 1/21 [Terence (10)]
  1485 | D:2      | Slain by Terence

Illustrated notes

Levels and vault maps discovered:
D:1:      lightli_arrival_isolated_outpost, layout_basic,
          shapermc_ecumenical_altar_flowoftime
D:2:      layout_rooms, minmay_misc_feat_encased, uniq_terence

Action                   || total
-------------------------++-------
Melee: Unarmed           ||    41
       Constrict         ||    11
       Tentacles         ||     6
 Cast: Foxfire           ||    43
  Use: Potion            ||     2
 Stab: Sleeping          ||     1
Armor: Skin              ||     6
Dodge: Dodged            ||    44

Table legend: (Time is in decaauts)
 A = Elapsed time spent in this place.
 B = Non-inter-level travel time spent in this place.
 C = Inter-level travel time spent in this place.
 D = Time resting spent in this place.
 E = Time spent auto-exploring this place.
 F = Levels seen in this place.
 G = Mean time per level.
                   A        B        C        D        E       F      G
               +--------+--------+--------+--------+--------+-----+--------+
         Total |   1484 |   1484 |      0 |      0 |   1168 |   2 |  742.0 |
       Dungeon |   1484 |   1484 |      0 |      0 |   1168 |   2 |  742.0 |
               +--------+--------+--------+--------+--------+-----+--------+

Top non-repeatable levels by time:
     D:1: 1276 daAuts
     D:2: 208 daAuts
